 Dungeon Crawl Stone Soup version 0.29.0-5-ge4962eb29e (webtiles) character file.

Game seed: 10419529796292565194

87 Spectrina the Sneak (level 4, 0/27 HPs)
             Began as a Deep Elf Monk on Aug 28, 2022.
             Was a Priest of Dithmenos.
             Slain by an adder (2 damage)
             ... in a sewer.
             The game lasted 00:04:14 (353 turns).

Spectrina the Sneak (Deep Elf Monk)                  Turns: 353, Time: 00:04:15

Health: 0/27       AC:  2    Str:  8    XL:     4   Next: 28%
Magic:  6/6        EV: 14    Int: 15    God:    Dithmenos [***...]
Gold:   37         SH:  0    Dex: 19    Spells: 3/3 levels left

rFire   . . .      SeeInvis .   e - +0 dagger
rCold   + . .      Faith    .   (no shield)
rNeg    . . .      Spirit   .   b - +0 robe
rPois   .          Reflect  .   (no helmet)
rElec   .          Harm     .   (no cloak)
rCorr   .          Rampage  .   (no gloves)
Will    .....                   (no boots)
Stlth   +++++.....              (no amulet)
HPRegen 0.09/turn               g - ring of protection from cold
MPRegen 0.10/turn               (no ring)

@: lethally poisoned (0 -> -5), wreathed by umbra
A: no striking features
a: Renounce Religion, Shadow Step


You were in a sewer.
You worshipped Dithmenos.
Dithmenos was most pleased with you.
You visited 1 branch of the dungeon, and saw 3 of its levels.
You also visited: Sewer.

You collected 37 gold pieces.

Inventory:

Hand Weapons
 a - a +0 short sword
 e - a +0 dagger (weapon)
Armour
 b - a +0 robe (worn)
Jewellery
 g - a ring of protection from cold (left hand)
Potions
 d - a potion of lignification
 f - a potion of resistance {unknown}
 h - a potion of heal wounds {unknown}


   Skills:
 - Level 2.4 Fighting
 - Level 3.0 Short Blades
 - Level 3.6 Dodging
 + Level 6.0 Stealth


You had 3 spell levels left.
You didn't know any spells.
Your spell library was empty.

Dungeon Overview and Level Annotations

Branches:
Dungeon (3/15)              Sewer (1/1)

Altars:
Dithmenos


Message History

You are more poisoned.
The adder poisons you!
You hit the adder.
The adder is severely wounded.
You feel sick. The adder misses you.
You miss the adder.
The adder is severely wounded.
You feel sick. The adder closely misses you.
You barely miss the adder.
The adder is severely wounded.
You feel sick. The adder closely misses you.
You hit the adder.
The adder is severely wounded.
You feel sick. The adder bites you.
You are more poisoned.
The adder poisons you!
You barely miss the adder.
The adder is severely wounded.
You feel sick. The adder barely misses you.
You closely miss the adder.
The adder is severely wounded.
You feel sick. The adder bites you.
* * * LOW HITPOINT WARNING * * *
You barely miss the adder.
The adder is severely wounded.
You feel sick. The adder barely misses you.
You barely miss the adder.
The adder is severely wounded.
You feel sick. The adder barely misses you. x2
You barely miss the adder.
The adder is severely wounded.
You feel sick. The adder bites you.
* * * LOW HITPOINT WARNING * * *
You are lethally poisoned!
The adder poisons you!
You barely miss the adder.
The adder is severely wounded.
* * * LOW HITPOINT WARNING * * *
You feel sick. The adder bites you.
You die...

########################
...~.~.†~~~.....@Sl.....
~~~~####################
~≈~~# ~≈≈~# ~≈~.# ~≈≈~#
~≈≈≈# ~≈≈≈##≈ ~≈≈≈#≈≈


You could see an adder and a frilled lizard.

Vanquished Creatures
  Jessica (D:2)
  3 adders
  A river rat (D:3)
  A dart slug (D:2)
  An endoplasm (D:2)
  5 giant cockroaches (Sewer)
  A goblin (D:2)
  A quokka (Sewer)
  4 ball pythons
  6 frilled lizards
  2 rats (D:3)
26 creatures vanquished.

Vanquished Creatures (others)
  A ball python (D:3)
1 creature vanquished.

Grand Total: 27 creatures vanquished

Notes
Turn   | Place    | Note
-------+----------+-------------------------------------------
     0 | D:1      | Spectrina the Deep Elf Monk began the quest for the Orb.
     0 | D:1      | Reached XP level 1. HP: 13/13 MP: 3/3
    44 | D:2      | Found a faded altar of an unknown god.
    51 | D:2      | Prayed at the altar of an unknown god.
    51 | D:2      | Became a worshipper of Dithmenos the Shadowed
    51 | D:2      | Reached * piety under Dithmenos
    51 | D:2      | Reached ** piety under Dithmenos
    71 | D:2      | Reached skill level 3 in Stealth
    90 | D:2      | Noticed Jessica
    97 | D:2      | Killed Jessica
    98 | D:2      | Reached skill level 4 in Stealth
    98 | D:2      | Reached XP level 2. HP: 18/18 MP: 4/4
    98 | D:2      | Reached XP level 3. HP: 22/22 MP: 5/5
   122 | D:2      | Reached skill level 5 in Stealth
   173 | D:3      | Reached *** piety under Dithmenos
   183 | D:3      | Reached XP level 4. HP: 5/27 MP: 6/6
   189 | D:3      | Found a glowing drain.
   196 | Sewer    | Entered a sewer
   275 | Sewer    | Reached skill level 6 in Stealth
   335 | Sewer    | HP: 1/27 [adder (3)]
   353 | Sewer    | Slain by an adder

Illustrated notes

Levels and vault maps discovered:
D:1:      minmay_arrival_jagged, layout_loops_cross
D:2:      layout_basic, basic_altar, ebering_ecumenical_altar_sacrificial,
          serial_bayou_pond_d, uniq_natasha, uniq_jessica
D:3:      layout_rooms, elyvilon_altar_4, lightli_sewer_entry_pipes,
          uniq_grinder
Sewer:    sewer_frog_island_01

Skill      XL: |  1  2  3  4 |
---------------+-------------+-----
Stealth        | 4 5 6 |  6.0
Fighting       | |  2.4
Short Blades   | |  3.0
Dodging        | |  3.6

Action                   |  1- 3 |  4- 6 || total
-------------------------+-------+-------++-------
Melee: Dagger            |    29 |    65 ||    94
       Short sword       |     1 |       ||     1
       Unarmed           |     6 |     2 ||     8
       Punch             |       |     2 ||     2
  Use: Potion            |     1 |     1 ||     2
 Stab: Sleeping          |     5 |     4 ||     9
Armor: Skin              |     5 |       ||     5
       Robe              |       |     3 ||     3
Dodge: Dodged            |    13 |    53 ||    66
